 Dungeon Crawl Stone Soup version 0.18.1-48-g4cf74bf (webtiles) character file.

3077 WhiskeyPanda the Shooter (level 9, 0/73 HPs)
             Began as a Centaur Hunter on Sept 13, 2016.
             Was a Follower of Nemelex Xobeh.
             Slain by a killer bee (7 damage)
             ... on level 8 of the Dungeon.
             The game lasted 01:20:31 (12323 turns).

WhiskeyPanda the Shooter (Centaur Hunter)          Turns: 12323, Time: 01:20:32

Health: 0/73       AC:  9    Str: 13 (15) XL:     9   Next: 58%
Magic:  18/18      EV:  6    Int:  7 (10) God:    Nemelex Xobeh [*.....]
Gold:   263        SH:  0    Dex: 14 (15) Spells: 0 memorised, 8 levels left

rFire  x . .     SeeInvis .     v - +9 hand axe of Animal Spirits {holy, *Drain +Fly rC++ MP+9}
rCold  + + +     Gourm    .     N - +0 ring mail {rN+}
rNeg   + . .     Faith    .     (no shield)
rPois  .         Spirit   .     g - +0 helmet
rElec  .         Dismiss  .     (no cloak)
rCorr  .         Reflect  .     s - +0 pair of gloves
SustAt .         Harm     .     (no barding)
MR     .....                    q - amulet of rage
Stlth  +.........               i - ring of ice
                                U - +2 ring of dexterity

@: lethally poisoned (0 -> -2), very quick, not resistant to hostile
enchantments, very unstealthy
A: hooves 3, deformed body, speed 2, tough skin 3
a: Renounce Religion, Evoke Berserk Rage, Evoke Flight


You were on level 8 of the Dungeon.
You worshipped Nemelex Xobeh.
Nemelex Xobeh was aware of your devotion.
You were very hungry.

You visited 2 branches of the dungeon, and saw 9 of its levels.

You collected 406 gold pieces.
You spent 143 gold pieces at shops.

Inventory:

Hand Weapons
 v - the +9 hand axe of Animal Spirits (weapon) {holy, *Drain +Fly rC++ MP+9}
   (You found it on level 4 of the Dungeon)

   It has been blessed by the Shining One to cause great damage to the undead
   and demons.
   It greatly protects you from cold.
   It affects your magic capacity (+9).
   It lets you fly.
   It causes draining when unequipped.
 K - a +3 shortbow
Missiles
 d - 75 arrows
 e - 120 stones
 M - a javelin (quivered)
Armour
 g - a +0 helmet (worn)
 s - a +0 pair of gloves (worn)
 w - a +0 robe of the Archmagi
 N - a +0 ring mail of positive energy (worn)
Jewellery
 i - a ring of ice (right hand)
 q - an amulet of rage (around neck)
 U - a +2 ring of dexterity (left hand)
Wands
 k - a wand of polymorph (19/24)
 t - a wand of lightning (7/15)
 F - a wand of paralysis (8/24)
 I - a wand of lightning (3/15)
 P - a wand of flame (26/48)
 Q - a wand of iceblast (5/15)
 R - a wand of slowing (31/48)
Scrolls
 c - a scroll of amnesia
 m - 4 scrolls of teleportation
 n - a scroll of noise
 C - 2 scrolls of immolation
 T - 3 scrolls of identify
Potions
 l - 4 potions of curing
Books
 y - the Catalogue of Enchantment
   (You found it on level 4 of the Dungeon)

   Spells                             Type                      Level
   a - Confusing Touch                Hexes                        2
   b - Silence                        Hexes/Air                    5
   c - Yara's Violent Unravelling     Hexes/Transmutation          5
 O - a book of Summonings

   Spells                             Type                      Level
   a - Recall                         Summoning/Translocation      3
   b - Aura of Abjuration             Summoning                    5
   c - Summon Demon                   Summoning                    5
   d - Summon Forest                  Summoning/Translocation      5
   e - Summon Mana Viper              Hexes/Summoning              5
   f - Shadow Creatures               Summoning                    6
Comestibles
 f - 2 meat rations
 x - 2 bread rations
 D - 3 beef jerkies
 G - 2 fruits


   Skills:
 + Level 4.9 Fighting
   Level 2.4 Short Blades
 + Level 1.8(2.0) Axes
   Level 1.1(1.7) Maces & Flails
 + Level 7.7 Bows
 + Level 4.5 Throwing
 + Level 5.2 Armour
 + Level 5.3 Dodging
 + Level 2.0 Stealth
 + Level 0.5 Evocations


You had 8 spell levels left.
You didn't know any spells.

Dungeon Overview and Level Annotations

Branches:
Dungeon (8/15)             Temple (1/1) D:6
   Lair: D:8-11

Altars:
Ashenzari
Cheibriados
Dithmenos
Elyvilon
Fedhas
Gozag
Makhleb
Nemelex Xobeh
Pakellas
Qazlal
Ru
Sif Muna
Trog
Vehumet
Xom
Yredelemnul
Zin

Shops:
D:8 ?


Innate Abilities, Weirdness & Mutations

You have hooves in place of feet.
Armour fits poorly on your strangely shaped body.
You cover ground very quickly.
You have extremely tough skin (AC +3).


Message History

You are too injured to fight recklessly!
You feel sick.
The killer bee stings you but does no damage.
You feel sick.
You feel sick.
The killer bee stings you but does no damage.
You feel sick. The killer bee closely misses you.
You feel sick. The killer bee misses you.
There is an open door here.
You feel sick. The killer bee barely misses you.
You feel sick. The killer bee completely misses you.
You feel sick. The killer bee barely misses you.
You see here a giant gecko skeleton.
There is a stone staircase leading up here.
You feel sick. The killer bee stings you!
You die...
Your body disappears without a glow.

#.##.y.y......∩.#####.### ###
##.########.###.##.......# #..
...# ##'######.###.#.# #.# #..#
##...## #.# #.#.# #.# ##..#
##.....## #.###.#.# #.###...#
##....y..###.##..#.#
##.....#.###....y....##.#.....#
...........'.)..yy...'........#
#############(..@....##.......#
#_## #.......######.#.##
##8...8 #.............##.#
##.........##.#....######.##.#
#>..)......_#.##'#.# #.##.#
##.........#####.#.######.##.#
##8...8...8## #.#.##........#
#_###_## ####.#.##.###.####
#### ##.#....##.###.#


You could see 4 killer bees.

Vanquished Creatures
  Pikel (D:5)
  3 sky beasts
  A black bear (D:6)
  4 ogres
  2 phantoms
  The ghost of Scuka the Changer, an amateur MfTm (D:3)
  3 centaurs
  A big kobold (D:6)
  3 giant frogs
  2 killer bees (D:8)
  4 wights (D:6)
  2 giant frog zombies (D:6)
  A crimson imp (D:6)
  2 jellies (D:7)
  A centaur skeleton (D:6)
  An orc priest (D:7)
  4 hounds
  3 orc wizards
  Jessica (D:2)
  Natasha (thrice) (D:4)
  2 iguanas
  A worker ant (D:5)
  A hound zombie (D:6)
  2 hound skeletons (D:4)
  A howler monkey zombie (D:4)
  A worker ant zombie (D:6)
  9 adders
  A shadow imp (D:5)
  2 oozes (D:1)
  An adder skeleton (D:7)
  2 adder zombies (D:6)
  A worm (D:2)
  A dart slug (D:2)
  4 giant geckos
  15 orcs
  2 ball pythons
  7 giant cockroaches
  6 goblins
  8 hobgoblins
  4 jackals (D:6)
  5 quokkas
  7 bats
  A giant gecko skeleton (D:5)
  4 giant newts
  12 kobolds
  10 rats
153 creatures vanquished.

Vanquished Creatures (collateral kills)
  A howler monkey (D:6)
1 creature vanquished.

Vanquished Creatures (others)
  A crimson imp (D:5)
  An orc priest (D:5)
  An orc wizard (D:5)
  A worker ant (D:5)
  2 orcs (D:5)
  A fungus (D:6)
7 creatures vanquished.

Grand Total: 161 creatures vanquished

Notes
Turn   | Place    | Note
--------------------------------------------------------------
     0 | D:1      | WhiskeyPanda the Centaur Hunter began the quest for the Orb.
     0 | D:1      | Reached XP level 1. HP: 17/17 MP: 1/1
   119 | D:1      | Reached XP level 2. HP: 24/24 MP: 2/2
   335 | D:1      | Reached skill level 6 in Bows
   969 | D:1      | Reached XP level 3. HP: 22/29 MP: 3/3
  1577 | D:2      | Noticed Jessica
  1582 | D:2      | Killed Jessica
  1582 | D:2      | Reached skill level 1 in Armour
  1582 | D:2      | Reached XP level 4. HP: 25/37 MP: 4/4
  2774 | D:3      | Noticed Scuka's ghost (amateur MfTm)
  3680 | D:3      | Killed Scuka's ghost
  3680 | D:3      | Reached XP level 5. HP: 34/42 MP: 5/5
  3891 | D:4      | Got a twisted hand axe
  3933 | D:4      | Noticed Natasha
  3952 | D:4      | Killed Natasha
  4129 | D:4      | Identified the Catalogue of Enchantment
  4182 | D:4      | Reached skill level 1 in Short Blades
  4250 | D:4      | Noticed Natasha
  4416 | D:4      | Killed Natasha
  4416 | D:4      | Reached XP level 6. HP: 5/50 MP: 6/6
  4717 | D:4      | Noticed Natasha
  4727 | D:4      | Killed Natasha
  4727 | D:4      | Reached skill level 1 in Stealth
  5764 | D:4      | Reached skill level 1 in Throwing
  6254 | D:5      | Entered Level 5 of the Dungeon
  6268 | D:5      | Noticed a sky beast
  6957 | D:4      | Killed a sky beast
  6957 | D:4      | Reached XP level 7. HP: 14/57 MP: 7/7
  7615 | D:5      | Got an encrusted hand axe
  7619 | D:5      | Identified the +6 hand axe of Cruel Justice {chop, rPois rN+} (You found it on level 5 of the Dungeon)
  7620 | D:5      | Identified the +9 hand axe of Animal Spirits {holy, *Drain +Fly rC++ MP+9} (You found it on level 4 of the Dungeon)
  8001 | D:5      | Noticed Pikel
  8047 | D:5      | Killed Pikel
  8047 | D:5      | Reached skill level 7 in Bows
  8047 | D:5      | Reached XP level 8. HP: 45/66 MP: 8/8
  8602 | D:6      | Reached skill level 1 in Axes
  9439 | D:6      | Found a staircase to the Ecumenical Temple.
  9475 | Temple   | Entered the Ecumenical Temple
  9685 | Temple   | Became a worshipper of Nemelex Xobeh the Trickster
  9725 | D:6      | Reached XP level 9. HP: 66/71 MP: 9/9
  9743 | D:6      | Received a gift from Nemelex Xobeh
 10010 | D:6      | Found a blossoming altar of Fedhas.
 10822 | D:7      | Found a sparkling altar of Nemelex Xobeh.
 10991 | D:7      | Reached skill level 5 in Armour
 10991 | D:7      | Reached skill level 5 in Dodging
 11154 | D:7      | Reached skill level 1 in Maces & Flails
 11349 | D:7      | Received a gift from Nemelex Xobeh
 11892 | D:7      | Reached * piety under Nemelex Xobeh
 11944 | D:8      | Found a snail-covered altar of Cheibriados.
 11996 | D:8      | Found Jiro's Magic Scroll Emporium.
 11999 | D:8      | Bought 3 scrolls of remove curse for 99 gold pieces
 12047 | D:8      | Found a blossoming altar of Fedhas.
 12049 | D:8      | Found a white marble altar of Elyvilon.
 12129 | D:8      | Found a shadowy altar of Dithmenos.
 12263 | D:8      | Bought a scroll of identify for 22 gold pieces
 12263 | D:8      | Bought a scroll of identify for 22 gold pieces
 12323 | D:8      | Slain by a killer bee

Skill      XL: |  1  2  3  4  5  6  7  8  9 |
---------------+----------------------------+-----
Bows           | 6 7 |  7.7
Armour         | 1 2 3 4 5 |  5.2
Dodging        | 2 3 4 5 |  5.3
Short Blades   | 1 2 |  2.4
Stealth        | 1 2 |  2.0
Throwing       | 2 3 4 |  4.5
Fighting       | 3 4 |  4.9
Axes           | 1 |  1.8
Maces & Flails | 1 |  1.1
Evocations     | |  0.5

Action                   |  1- 3 |  4- 6 |  7- 9 || total
-------------------------+-------+-------+-------++-------
Melee: Short sword       |   119 |   327 |    39 ||   485
       Kick              |    15 |    78 |    82 ||   175
       Hand axe          |       |       |   131 ||   131
       Flail             |       |       |   145 ||   145
 Fire: Shortbow          |    11 |    22 |    16 ||    49
Throw: Stone             |     5 |    27 |    16 ||    48
       Javelin           |       |    20 |    37 ||    57
Evoke: Deck              |       |       |    12 ||    12
  Use: Scroll            |     2 |     5 |    10 ||    17
       Potion            |       |       |     8 ||     8
 Stab: Confused          |       |       |     1 ||     1
  Eat: Bread ration      |     1 |     1 |       ||     2
       Meat ration       |       |     2 |     2 ||     4
       Royal jelly       |       |       |     1 ||     1
Armor: Leather armour    |    56 |    19 |       ||    75
       Ring mail         |       |   156 |   183 ||   339
Dodge: Dodged            |    75 |   142 |   216 ||   433
